 Dungeon Crawl Stone Soup version 0.25.1-8-g42b30a86e7 (webtiles) character file.

Game seed: 17402974862002807629

23 JohnSpartan the Cudgeler (level 2, -1/18 HPs)
             Began as a Gargoyle Gladiator on Dec 17, 2020.
             Slain by Terence
             ... wielding a +3 mace of protection
              (4 damage)
             ... on level 2 of the Dungeon.
             The game lasted 00:04:40 (738 turns).

JohnSpartan the Cudgeler (Gargoyle Gladiator)        Turns: 738, Time: 00:04:41

Health: -1/18      AC:  7    Str: 17    XL:     2   Next: 95%
Magic:  2/2        EV: 12    Int:  8    God:
Gold:   2          SH:  0    Dex: 11    Spells: 1/1 levels left

rFire    . . .     SeeInvis .   a - +0 flail
rCold    . . .     Gourm    .   (no shield)
rNeg     + . .     Faith    .   b - +0 leather armour
rPois    ∞         Spirit   .   c - +0 helmet
rElec    +         Reflect  .   (no cloak)
rCorr    .         Harm     .   (no gloves)
MR       .....                  (no boots)
Stlth    +.........             (no amulet)
HPRegen  0.06/turn              (no ring)
MPRegen  0.08/turn              (no ring)

@: no status effects
A: negative energy resistance 1, electricity resistance, unbreathing,
petrification resistance, rot immunity, AC +2
a: no special abilities


You were on level 2 of the Dungeon.
You were not hungry.

You visited 1 branch of the dungeon, and saw 2 of its levels.

You collected 2 gold pieces.

Inventory:

Hand Weapons
 a - a +0 flail (weapon)
Missiles
 d - 2 throwing nets (quivered)
Armour
 b - a +0 leather armour (worn)
 c - a +0 helmet (worn)
Scrolls
 e - a scroll of teleportation {unknown}
 i - 2 scrolls of identify {unknown}
Potions
 g - a potion of haste {unknown}
 h - 2 potions of curing
 j - a potion of brilliance {unknown}
 k - a potion of ambrosia {unknown}
Comestibles
 f - a ration


   Skills:
 + Level 2.5 Fighting
 - Level 3.0 Maces & Flails
 - Level 1.7 Throwing
 * Level 1.5 Armour
 - Level 2.4 Dodging
 * Level 1.7 Stealth


You had one spell level left.
You didn't know any spells.
Your spell library was empty.

Dungeon Overview and Level Annotations

Branches:
Dungeon (2/15)

Altars:

Annotations:
D:2 Terence


Innate Abilities, Weirdness & Mutations

You are resistant to torment.
Your stone body is resilient. (AC +2)
You are immune to poison.
You resist negative energy. (rN+)
You are resistant to electric shocks. (rElec)
You can survive without breathing.
You are immune to petrification.
You are immune to rotting.


Message History

You barely miss Terence.
Terence hits you with a +3 mace of protection.
You hit Terence but do no damage. Terence screams, "I want your blood!"
Terence barely misses you.
You hit Terence.
Terence is moderately wounded.
Terence closely misses you.
You hit Terence but do no damage.
Terence is moderately wounded.
Terence hits you with a +3 mace of protection.
* * * LOW HITPOINT WARNING * * *
You hit Terence but do no damage.
Terence is lightly wounded.
Terence hits you but does no damage.
You closely miss Terence.
Terence is lightly wounded.
The frilled lizard unfolds its giant frill.
Terence hits you with a +3 mace of protection.
You die...

#.# #.# ..#
#.# #l# +
#.#
.####.##+#.#
.!.....@@l.#
.####.##+#.#
# #.# #.#
##.####.###
..........#
#########.#
##.# #..#


You could see Terence and a frilled lizard.

Vanquished Creatures
  A dart slug (D:1)
  3 bats
  2 goblins (D:1)
  4 hobgoblins
  5 kobolds
  2 frilled lizards
  A rat (D:1)
18 creatures vanquished.

Notes
Turn   | Place    | Note
-------+----------+-------------------------------------------
     0 | D:1      | JohnSpartan the Gargoyle Gladiator began the quest for the
                  | Orb.
     0 | D:1      | Reached XP level 1. HP: 12/12 MP: 1/1
     2 | D:1      | Noticed a gargoyle
     2 | D:1      | Noticed a felid
     4 | D:1      | Noticed a ghoul
     4 | D:1      | Noticed a draconian
     6 | D:1      | Noticed a tengu
     6 | D:1      | Noticed a demonspawn
     8 | D:1      | Noticed a vine stalker
    10 | D:1      | Noticed an elf
    13 | D:1      | Noticed a formicid
    13 | D:1      | Noticed a merfolk
    15 | D:1      | Noticed a spriggan
    15 | D:1      | Noticed an octopode
    17 | D:1      | Noticed an ogre
    17 | D:1      | Noticed a troll
    19 | D:1      | Noticed a dwarf
    21 | D:1      | Noticed a vampire
    21 | D:1      | Noticed a halfling
    23 | D:1      | Noticed a minotaur
    25 | D:1      | Noticed a demigod
    25 | D:1      | Noticed a naga
    27 | D:1      | Noticed a centaur
    27 | D:1      | Noticed a human
   131 | D:1      | Reached skill level 1 in Stealth
   131 | D:1      | Reached XP level 2. HP: 14/17 MP: 2/2
   138 | D:1      | Reached skill level 1 in Armour
   630 | D:2      | Noticed Terence
   738 | D:2      | Slain by Terence

Illustrated notes

Levels and vault maps discovered:
D:1:      kb_arrival_jail, layout_loops_ring
D:2:      minmay_door_path, layout_basic, okawaru_metal_pillars_1_2,
          uniq_terence

Skill      XL: |  1  2 |
---------------+-------+-----
Stealth        | 1 |  1.7
Armour         | 1 |  1.5
Fighting       | |  2.5
Maces & Flails | |  3.0
Throwing       | |  1.7
Dodging        | |  2.4

Action                   || total
-------------------------++-------
Melee: Flail             ||    86
Throw: Throwing net      ||     1
Armor: Leather armour    ||    32
Dodge: Dodged            ||    66
